 Dungeon Crawl Stone Soup version 0.32-a0-768-g0f6f1dd4b9 (webtiles) character file.

Game seed: 10178786828001078982

22845 cforsyth the Cleaver (level 12, -7/110 HPs)
             Began as a Mountain Dwarf Cinder Acolyte on Mar 18, 2024.
             Was a High Priest of Ignis.
             Mangled by a skyshark (9 damage)
             ... on level 2 of the Lair of Beasts.
             The game lasted 00:33:55 (20990 turns).

cforsyth the Cleaver (MDCA)                        Turns: 20990, Time: 00:33:55

Health: -7/110     AC: 13    Str: 18    XL:     12   Next: 66%
Magic:  26/31      EV: 10    Int: 19    God:    Ignis [*****.]
Gold:   895        SH:  0    Dex: 10    Spells: 20/25 levels left

rFire   + + .        s - +6 war axe of Duty {flame, rN+ Will- Int+2 SInv}
rCold   + . .        (no shield)
rNeg    + + .        z - +2 leather armour {rC+ rF+}
rPois   .            e - +1 helmet
rElec   +            p - +0 cloak
rCorr   +            C - +0 pair of gloves
SInv    +            m - +0 pair of boots
Will    .....        N - amulet of the acrobat
Stlth   ++           M - ring of magical power
HPRegen 0.38/turn    c - ring "Yckegeol" {rElec rN+ rCorr Str-2 Dex+5 Stlth+}
MPRegen 0.22/turn

%: acrobat
@: studying Staves
A: runic magic, artefact enchanting
a: Renounce Religion, Fiery Armour, Foxfire Swarm, Rising Flame


You were on level 2 of the Lair of Beasts.
You worshipped Ignis.
Ignis was extremely pleased with you.
You visited 2 branches of the dungeon, and saw 15 of its levels.
You also visited: Sewer, Ossuary and Ice Cave.

You collected 895 gold pieces.


Innate Abilities, Weirdness & Mutations

Your spellcasting is much less encumbered by armour.
You can use scrolls of enchantment on lesser artefacts.


   Skills:
 + Level 11.4 Fighting
 + Level 12.4 Axes
 + Level 10.9 Armour
 - Level 7.0 Spellcasting
 + Level 12.4 Fire Magic


You had 20 spell levels left.
You knew the following spells:

 Your Spells              Type           Power      Damage    Failure   Level
X - Scorch                Fire           100%       2d9       1%          2
Y - Volatile Blastmotes   Fire/Tloc      60%        2d15      2%          3

Your spell library contained the following spells:

 Spells                   Type           Power      Damage    Failure   Level
 Flame Wave               Conj/Fire      30%        2d9       9%          4
 Shock                    Conj/Air       24%        1d4       11%         1
 Sting                    Conj/Alch      24%        1d4       11%         1
 Blink                    Tloc           12%        N/A       16%         2
 Cigotuvi's Dreadful Rot  Necr/Alch/Air  12%        N/A       16%         2
 Jinxbite                 Hex            12%        N/A       16%         2
 Lesser Beckoning         Tloc           12%        N/A       16%         2
 Mercury Vapours          Alch/Air       12%        N/A       16%         2
 Momentum Strike          Conj/Tloc      12%        3d8       16%         2
 Gell's Gravitas          Tloc           6%         N/A       30%         3
 Hailstorm                Conj/Ice       6%         3d5       30%         3
 Passwall                 Erth           6%         N/A       30%         3
 Stone Arrow              Conj/Erth      12%        3d7       30%         3
 Summon Ice Beast         Ice/Summ       6%         N/A       30%         3
 Swiftness                Air            6%         N/A       30%         3
 Teleport Other           Tloc           6%         N/A       30%         3
 Airstrike                Air            3%         2d(1-17)  71%         4
 Animate Armour           Summ/Erth      12%        N/A       71%         4
 Dispel Undead            Necr           6%         3d8       71%         4
 Martyr's Knell           Necr/Summ      6%         N/A       71%         4
 Olgreb's Toxic Radiance  Alch           6%         N/A       71%         4
 Yara's Violent Unravell  Hex/Alch       3%         3d4       96%         5
 Bombard                  Conj/Erth      3%         9d1       100%        6
 Conjure Ball Lightning   Conj/Air       3%         3x3d6     100%        6
 Permafrost Eruption      Ice/Erth       3%         2x4d2     100%        6
 Sculpt Simulacrum        Ice/Alch       3%         N/A       100%        6
 Summon Cactus Giant      Summ           3%         N/A       100%        6
 Enfeeble                 Hex            3%         N/A       100%        7
 Malign Gateway           Summ/Tloc      3%         N/A       100%        7
 Discord                  Hex            3%         N/A       100%        8
 Disjunction              Tloc           3%         N/A       100%        8
 Lehudib's Crystal Spear  Conj/Erth      3%         10d2      100%        8
 Summon Horrible Things   Summ           3%         N/A       100%        8

Inventory:

Hand Weapons
 a - a -1 hand axe of flaming
 h - a +0 war axe
 n - a +2 whip of electrocution
 s - the +6 war axe of Duty (weapon) {flame, rN+ Will- Int+2 SInv}
   (You found it on level 9 of the Dungeon)

   Int+2:     It affects your intelligence (+2).
   rN+:       It protects you from negative energy.
   Will-:     It decreases your willpower.
   SInv:      It lets you see invisible.
Missiles
 B - a throwing net {=f}
Armour
 d - a +1 ring mail of willpower
 e - a +1 helmet (worn)
 f - a +0 plate armour
 m - a +0 pair of boots (worn)
 p - a +0 cloak (worn)
 z - a +2 leather armour of resistance (worn)
 C - a +0 pair of gloves (worn)
 T - the +2 scale mail of Arilubup {rF+ rCorr}
   (You found it on level 12 of the Dungeon)

   rF+:       It protects you from fire.
   rCorr:     It protects you from acid and corrosion.
Magical Staves
 A - a staff of alchemy {!a}
Jewellery
 c - the ring "Yckegeol" (right hand) {rElec rN+ rCorr Str-2 Dex+5 Stlth+}
   (You took it off Eustachio on level 5 of the Dungeon)

   [ring of positive energy]

   Str-2:     It affects your strength (-2).
   Dex+5:     It affects your dexterity (+5).
   rElec:     It insulates you from electricity.
   rN+:       It protects you from negative energy.
   rCorr:     It protects you from acid and corrosion.
   Stlth+:    It makes you more stealthy.
 D - a +6 ring of dexterity
 E - a +5 ring of evasion
 F - a ring of protection from fire
 I - a +6 ring of intelligence
 L - a ring of flight
 M - a ring of magical power (left hand)
 N - an amulet of the acrobat (around neck)
Wands
 x - a wand of quicksilver (6)
 H - a wand of warping (3)
 Q - a wand of flame (17)
 R - a wand of digging (5)
Scrolls
 o - 5 scrolls of noise
 t - a scroll of enchant armour {unknown}
 u - a scroll of teleportation {@r2}
 y - 2 scrolls of immolation
 J - a scroll of fog
 K - a scroll of poison
 P - a scroll of enchant weapon {unknown}
 S - 6 scrolls of amnesia
 U - a scroll of blinking {unknown}
Potions
 g - 2 potions of brilliance
 i - a potion of curing {@q1}
 j - 4 potions of haste {@q3}
 k - 4 potions of enlightenment
 l - 2 potions of cancellation
 q - 2 potions of might
 r - 5 potions of mutation
 v - a potion of resistance
 w - 2 potions of berserk rage {!q}
 G - 3 potions of magic
 O - a potion of attraction {unknown}
Miscellaneous
 b - a lightning rod (3/4)

Dungeon Overview and Level Annotations

Branches:
Dungeon (13/15)            Temple (0/1) D:7            Lair (2/5) D:8
    Orc (0/2) D:10          Sewer (visited)         Ossuary (visited)
  IceCv (visited)
  Swamp: Lair:2-3    Shoals: Lair:2-3     Snake: Lair:2-3    Spider: Lair:2-3
 Vaults: D:13-14

Altars:
Ashenzari
Dithmenos
Fedhas
Gozag
Makhleb
Okawaru
Sif Muna
Trog
Uskayaw
Vehumet
Xom
Zin
The Shining One

Shops:
D:1 *

Portals:
Abyss: D:11

Annotations:
D:11 2 transporters, cforsyth's ghost, journeyman MDCA

##...†.##...## ........#.
#....#.##....## ........#..
##.P##........##
........##.##...##.........#
.........#....#.#..........#
........###................#
...........##.............P#
...............÷.F.......###
...............÷@......###
.........#.#...####...##
.........###.### ##..##
..........#### ##...###
.........P# #P..P..#
..........# ##.....#
.........## #######
.........# ....†....#


You could see a skyshark (berserk, combustible).


Message History

Press: ? - help, Shift-Dir - straight line Space twists violently!
The rupture engulfs the skyshark!
The skyshark is severely wounded.
The skyshark bites you!!
* * * LOW HITPOINT WARNING * * *
The skyshark tail-slaps you but does no damage.
The skyshark tail-slaps you!
* * * LOW HITPOINT WARNING * * *
The skyshark bites you.
* * * LOW HITPOINT WARNING * * *
The skyshark tail-slaps you.
* * * LOW HITPOINT WARNING * * *
The skyshark closely misses you.
Aiming: Warp Space
Press: ? - help, Shift-Dir - straight line Space twists violently!
The rupture engulfs the skyshark.
The skyshark is severely wounded.
The skyshark bites you!
* * * LOW HITPOINT WARNING * * *
The skyshark barely misses you. The skyshark tail-slaps you.
* * * LOW HITPOINT WARNING * * *
Unknown command.
Aiming: Warp Space
Press: ? - help, Shift-Dir - straight line Space twists violently!
The rupture engulfs the skyshark.
The skyshark blinks!
The skyshark is severely wounded.
The skyshark rages.
The skyshark bites you!
You die...
Ignis goes out, and joins you in death.

Skill      XL: |  1  2  3  4  5  6  7  8  9 10 11 12 |
---------------+-------------------------------------+-----
Armour         | 1 2 3 4 5 6 8 9 10 | 10.9
Fire Magic     | 4 5 6 7 8 9 11 12 | 12.4
Axes           | 4 5 6 7 8 9 11 12 | 12.4
Fighting       | 4 5 6 7 9 10 11 | 11.4
Spellcasting   | 2 3 4 5 6 7 |  7.0

Action                     |  1- 3 |  4- 6 |  7- 9 | 10-12 || total
---------------------------+-------+-------+-------+-------++-------
  Melee: Hand axe          |    90 |     7 |       |       ||    97
         Whip              |       |    96 |   195 |     2 ||   293
         War axe           |       |       |       |   177 ||   177
   Cast: Scorch            |     7 |    48 |   254 |   339 ||   648
  Evoke: Wand              |       |       |       |    24 ||    24
         Lightning rod     |       |       |       |     3 ||     3
    Use: Scroll            |     1 |     7 |       |    17 ||    25
         Potion            |       |     2 |     1 |    10 ||    13
 Armour: Ring mail         |    65 |    65 |   293 |   259 ||   682
         Robe              |     9 |       |       |       ||     9
         Skin              |       |   121 |       |     1 ||   122
         Leather armour    |       |       |       |   201 ||   201
  Dodge: Dodged            |    46 |    60 |   179 |   210 ||   495

Levels and vault maps discovered:
D:1:      wander_arrival_peaceful_grave, layout_basic, serial_shops, shop,
          dreamdust_princess_bridge, minmay_box_of_dots
D:2:      layout_basic, minmay_misc_feat_diagonals, uniq_jessica
D:3:      layout_basic, nicolae_uskayaw_en_pointe, evilmike_ruin_ashenzari,
          nicolae_tso_besieged_by_evil, kennysheep_generic_room_8
D:4:      layout_loops_ring, grunt_dithmenos_smoke, fedhas_altar_decomposition,
          enter_ossuary_2
D:5:      kennysheep_spiral_hall, layout_basic, lemuel_doored_altar,
          okawaru_altar_gauntlet_db, cheibrodos_sewer_entry_bend, uniq_eustachio
D:6:      layout_basic, lemuel_tele_altar, hellmonk_no_cap
D:7:      layout_cave_pools, mainiacjoe_overflow_chevrons,
          lightli_temple_of_fire, zin_treasury, minmay_temple_entry_ruins
D:8:      layout_basic, mainiacjoe_overflow_brackets, erik_lair_orcish_takeover
D:9:      layout_rooms
D:10:     layout_loops_cross, orc_0_dummy, uniq_sonja, uniq_psyche, uniq_maggie
D:11:     layout_layer_cave, gammafunk_ghost_abyssal_escape,
          nicolae_gozag_cash_rules_everything_around_me
D:12:     layout_loops_cross
D:13:     evilmike_halls_of_destruction, layout_loops_ring, drop_trap,
          nicolae_splish_splash
Lair:1:   layout_big_grid, portal_ice_cave_entry_imps, uniq_amaemon
Lair:2:   layout_gridlike, hellmonk_spider_entry_not_the_bees,
          beast_lair_carwin_7

Notes
Turn   | Place    | Note
-------+----------+-------------------------------------------
     0 | D:1      | cforsyth the Mountain Dwarf Cinder Acolyte began the quest
                  | for the Orb.
     0 | D:1      | Reached XP level 1. HP: 19/19 MP: 2/2
   530 | D:1      | Reached XP level 2. HP: 21/26 MP: 3/3
   614 | D:1      | Found Xydoguaf's Assorted Antiques.
  1275 | D:1      | Learned a level 2 spell: Scorch
  1564 | D:2      | Reached skill level 1 in Armour
  1718 | D:2      | Reached skill level 4 in Fire Magic
  1743 | D:2      | Noticed Jessica
  1745 | D:2      | Killed Jessica
  1746 | D:2      | Reached skill level 4 in Axes
  1746 | D:2      | Reached XP level 3. HP: 33/33 MP: 0/5
  2137 | D:3      | You fall into a shaft and drop 3 floors!
  2167 | D:6      | Noticed an ogre
  2195 | D:6      | Noticed a scorpion
  2204 | D:6      | Killed a scorpion
  2205 | D:6      | Reached XP level 4. HP: 25/40 MP: 1/6
  2305 | D:6      | Found a radiant altar of Vehumet.
  2306 | D:6      | Noticed a scorpion
  2329 | D:5      | Entered Level 5 of the Dungeon
  2397 | D:5      | Reached skill level 4 in Fighting
  2409 | D:5      | Reached skill level 2 in Armour
  2468 | D:5      | Found an iron altar of Okawaru.
  2508 | D:5      | Reached XP level 5. HP: 43/46 MP: 2/7
  2523 | D:5      | Reached skill level 2 in Spellcasting
  2605 | D:5      | Noticed Eustachio
  2677 | D:5      | Found a shimmering altar of Xom.
  2701 | D:5      | Found a glowing drain.
  2751 | Sewer    | Entered a sewer
  3291 | Sewer    | Reached XP level 6. HP: 53/53 MP: 5/9
  3354 | Sewer    | Reached skill level 5 in Fire Magic
  3368 | Sewer    | Found a viscous altar of Jiyva.
  3433 | Sewer    | Reached skill level 3 in Armour
  3637 | D:5      | Reached skill level 5 in Axes
  3713 | D:5      | Identified the ring "Yckegeol" {rElec rN+ rCorr Str-2 Dex+5
                  | Stlth+}
  3768 | D:5      | Killed Eustachio
  3769 | D:5      | Reached skill level 5 in Fighting
  3769 | D:5      | Reached XP level 7. HP: 44/61 MP: 7/11
  4071 | D:4      | Found a sand-covered staircase.
  4076 | Ossuary  | Entered an ossuary
  4446 | Ossuary  | Reached skill level 3 in Spellcasting
  4565 | Ossuary  | Noticed Menkaure
  4728 | Ossuary  | Killed Menkaure
  4899 | Ossuary  | Reached skill level 4 in Armour
  5314 | D:4      | Found a shadowy altar of Dithmenos.
  5643 | D:4      | Reached skill level 6 in Axes
  5643 | D:4      | Reached skill level 6 in Fire Magic
  5707 | D:4      | Reached XP level 8. HP: 69/69 MP: 11/13
  5814 | D:4      | Found a blossoming altar of Fedhas.
  5881 | D:3      | Found a broken altar of Ashenzari.
  5981 | D:3      | Found a glowing golden altar of the Shining One.
  6075 | D:3      | Noticed a +0 dagger
  6075 | D:3      | Noticed a +0 spear
  6075 | D:3      | Noticed a +0 short sword
  6076 | D:3      | Noticed a +0 falchion
  6076 | D:3      | Noticed a +0 dagger
  6084 | D:3      | Noticed a +0 spear
  6086 | D:3      | Noticed a +0 falchion
  6086 | D:3      | Noticed a +0 short sword
  6091 | D:3      | Found a hide-covered altar of Uskayaw.
  7524 | D:6      | Reached skill level 6 in Fighting
  7598 | D:6      | Reached skill level 5 in Armour
  7598 | D:6      | Reached skill level 4 in Spellcasting
  7833 | D:5      | Reached skill level 7 in Axes
  7833 | D:5      | Reached skill level 7 in Fire Magic
  8438 | D:6      | Reached XP level 9. HP: 70/78 MP: 13/15
  8999 | D:7      | Reached skill level 7 in Fighting
  8999 | D:7      | Reached skill level 6 in Armour
  9103 | D:7      | Found a staircase to the Ecumenical Temple.
  9228 | D:7      | Found a glowing silver altar of Zin.
  9236 | D:7      | Found a shimmering blue altar of Sif Muna.
  9524 | D:7      | Found a burning altar of Makhleb.
  9645 | D:7      | Reached skill level 8 in Axes
  9645 | D:7      | Reached skill level 8 in Fire Magic
  9771 | D:8      | Reached skill level 5 in Spellcasting
 10513 | D:8      | Found a staircase to the Lair.
 10762 | D:8      | Found a bloodstained altar of Trog.
 11226 | D:8      | Reached XP level 10. HP: 60/88 MP: 10/18
 11227 | D:8      | Reached skill level 7 in Armour
 11335 | D:9      | Reached skill level 8 in Fighting
 11721 | D:9      | Identified the +6 war axe of Duty {flame, rN+ Will- Int+2
                  | SInv}
 11881 | D:8      | Reached skill level 9 in Axes
 11882 | D:8      | Reached skill level 9 in Fire Magic
 12266 | D:8      | Reached skill level 6 in Spellcasting
 12598 | D:9      | Reached skill level 8 in Armour
 13601 | D:10     | Entered Level 10 of the Dungeon
 13601 | D:10     | Noticed Sonja
 13610 | D:9      | Killed Sonja
 13611 | D:9      | Reached skill level 9 in Fighting
 13611 | D:9      | Reached XP level 11. HP: 61/97 MP: 20/20
 14097 | D:10     | Noticed Psyche
 14105 | D:10     | Killed Psyche
 14106 | D:10     | Reached skill level 10 in Axes
 14198 | D:10     | Noticed a two-headed ogre
 14203 | D:10     | Killed a two-headed ogre
 14204 | D:10     | Reached skill level 10 in Fire Magic
 14529 | D:10     | Found a staircase to the Orcish Mines.
 14551 | D:10     | Noticed Maggie
 14559 | D:10     | Killed Maggie
 14714 | D:11     | Noticed a boulder beetle
 14743 | D:11     | Killed a boulder beetle
 15022 | D:11     | Found a transporter.
 15022 | D:11     | Noticed cforsyth's ghost (journeyman MDCA)
 15022 | D:11     | Noticed a skeletal warrior
 15023 | D:11     | Found a one-way gate to the infinite horrors of the Abyss.
 15044 | D:11     | Found a transporter.
 15082 | D:11     | Noticed a two-headed ogre
 15089 | D:11     | Killed a two-headed ogre
 15184 | D:11     | Found an opulent altar of Gozag.
 15430 | D:11     | Reached skill level 9 in Armour
 15556 | D:11     | Reached skill level 7 in Spellcasting
 15892 | D:11     | Learned a level 3 spell: Volatile Blastmotes
 16181 | D:12     | Reached skill level 10 in Fighting
 16235 | D:12     | Reached skill level 11 in Axes
 16303 | D:12     | Reached skill level 11 in Fire Magic
 16651 | D:12     | Identified the +2 scale mail of Arilubup {rF+ rCorr}
 17230 | D:12     | Identified a potion of resistance
 17340 | D:13     | Noticed a merfolk aquamancer
 17342 | D:13     | Noticed a merfolk aquamancer
 17443 | Lair:1   | Entered Level 1 of the Lair of Beasts
 17572 | Lair:1   | Reached XP level 12. HP: 36/107 MP: 11/22
 17596 | Lair:1   | Found a frozen archway.
 17614 | IceCv    | Entered an ice cave
 17839 | IceCv    | Identified a +2 leather armour of resistance
 17862 | IceCv    | Reached skill level 10 in Armour
 17980 | IceCv    | Identified the +3 quarterstaff of the Jumping Priest
                  | {heavy, Int+5 SInv}
 18547 | IceCv    | HP: 8/108 [harpy simulacrum (10)]
 19191 | Lair:1   | Noticed Amaemon
 19203 | D:8      | HP: 5/108 [asphyx]
 19208 | D:8      | Reached skill level 11 in Fighting
 19208 | D:8      | Reached skill level 12 in Axes
 19726 | D:8      | Killed Amaemon
 19727 | D:8      | Reached skill level 12 in Fire Magic
 20987 | Lair:2   | HP: 11/110 [skyshark (4)]
 20988 | Lair:2   | HP: 5/110 [skyshark (7)]
 20988 | Lair:2   | HP: 1/110 [skyshark (4)]
 20990 | Lair:2   | Mangled by a skyshark

Vanquished Creatures
  A boulder beetle (D:11)
  2 two-headed ogres
  Amaemon (D:8)
  Sonja (D:9)
  2 ugly things (IceCv)
  A cyclops (D:12)
  3 ice statues (IceCv)
  An orange demon (Lair:1)
  3 cane toads
  4 komodo dragons
  2 unseen horrors
  Maggie (D:10)
  Psyche (D:10)
  4 trolls
  A polar bear (Lair:1)
  9 blink frogs (Lair:1)
  3 slime creatures
  2 shadows
  4 wyverns
  A wraith (D:11)
  27 yaks
  Eustachio (D:5)
  A steam dragon (D:9)
  A warg (D:7)
  6 vampire mosquitoes (D:12)
  2 death yak simulacra (IceCv)
  Menkaure (Ossuary)
  2 harpy simulacra (IceCv)
  2 acid dragons (D:11)
  3 water moccasins
  An ice beast (D:5)
  2 sky beasts
  An ogre (D:6)
  5 wolves
  2 centaurs
  2 phantoms
  7 bullfrogs
  3 kobold brigands
  A cane toad simulacrum (IceCv)
  5 scorpions
  8 wights
  6 killer bees
  4 howler monkeys
  2 bombardier beetles
  2 hounds
  4 jellies
  5 orc priests
  3 gnoll boudas
  Jessica (D:2)
  An iguana (D:6)
  13 orc wizards
  A polar bear simulacrum (IceCv)
  A wolf simulacrum (IceCv)
  3 mummies (Ossuary)
  7 gnolls
  5 adders
  14 white imps
  A dart slug (D:4)
  8 ribbon worms
  39 orcs
  18 endoplasms
  2 giant cockroaches
  3 gnoll zombies (Ossuary)
  4 goblins
  6 hobgoblins
  22 kobolds
  5 quokkas
  11 ball pythons
  5 bats
  5 frilled lizards
  2 gnoll skeletons (Ossuary)
  7 goblin skeletons
  2 goblin zombies
  5 hobgoblin skeletons (Ossuary)
  10 hobgoblin zombies
  6 kobold skeletons (Ossuary)
  7 kobold zombies (Ossuary)
  6 orc skeletons
  5 orc zombies (Ossuary)
  5 rats
  3 rat skeletons (Ossuary)
  3 rat zombies (Ossuary)
392 creatures vanquished.

Table legend: (Time is in decaauts)
 A = Elapsed time spent in this place.
 B = Non-inter-level travel time spent in this place.
 C = Inter-level travel time spent in this place.
 D = Time resting spent in this place.
 E = Time spent auto-exploring this place.
 F = Levels seen in this place.
 G = Mean time per level.
                   A        B        C        D        E       F      G
               +--------+--------+--------+--------+--------+-----+--------+
         Total |  21041 |  20537 |    504 |   6110 |  10529 |  18 | 1168.9 |
       Dungeon |  16270 |  15772 |    498 |   4123 |   9100 |  13 | 1251.5 |
          Lair |   1628 |   1622 |      6 |    733 |    557 |   2 |  814.0 |
         Sewer |    777 |    777 |      0 |    237 |    289 |   1 |  777.0 |
       Ossuary |   1138 |   1138 |      0 |    123 |    535 |   1 | 1138.0 |
      Ice Cave |   1226 |   1226 |      0 |    893 |     48 |   1 | 1226.0 |
               +--------+--------+--------+--------+--------+-----+--------+

Top non-repeatable levels by time:
     D:8: 2868 daAuts
     D:9: 1715 daAuts
     D:6: 1714 daAuts
     D:7: 1381 daAuts
    D:12: 1352 daAuts
     D:1: 1295 daAuts
  Lair:1: 1261 daAuts
   IceCv: 1226 daAuts
    D:11: 1212 daAuts
 Ossuary: 1138 daAuts
     D:5: 1123 daAuts
     D:4: 943 daAuts
     D:3: 927 daAuts
    D:10: 905 daAuts
     D:2: 803 daAuts

Table legend:
 A = Non-vault XP
 B = Vault XP
 C = Vault XP percentage of total XP
 D = Non-vault monster count
 E = Vault monster count
 F = Vault count percentage of total count
                 A         B        C        D         E       F
            +---------+---------+-------+---------+---------+-------
      Total |   23752 |    8885 |  27.2 |     234 |     158 |  40.3
            +---------+---------+-------+---------+---------+-------
        D:1 |      13 |       5 |  27.8 |       7 |       3 |  30.0
        D:2 |      23 |      37 |  61.7 |      14 |       1 |   6.7
        D:3 |     127 |      20 |  13.6 |      24 |      11 |  31.4
        D:4 |     235 |       0 |   0.0 |      12 |       0 |   0.0
        D:5 |     204 |     575 |  73.8 |       6 |      15 |  71.4
        D:6 |    1170 |      82 |   6.5 |      22 |       2 |   8.3
        D:7 |    1204 |     462 |  27.7 |      26 |       5 |  16.1
        D:8 |    3938 |     864 |  18.0 |      32 |       4 |  11.1
        D:9 |    2274 |     776 |  25.4 |      22 |       1 |   4.3
       D:10 |    1365 |     716 |  34.4 |      10 |       2 |  16.7
       D:11 |    4245 |       0 |   0.0 |      22 |       0 |   0.0
       D:12 |    3022 |       0 |   0.0 |      13 |       0 |   0.0
     Lair:1 |    3943 |     563 |  12.5 |      17 |      13 |  43.3
     Lair:2 |    1989 |     953 |  32.4 |       7 |       6 |  46.2
      Sewer |       0 |     196 | 100.0 |       0 |      29 | 100.0
    Ossuary |       0 |     269 | 100.0 |       0 |      54 | 100.0
      IceCv |       0 |    3367 | 100.0 |       0 |      12 | 100.0
            +---------+---------+-------+---------+---------+-------
